 Dungeon Crawl Stone Soup version 0.24.0-37-gcf1ca852f1 (webtiles) character file.

Game seed: 1720988924738326475, levelgen mode: deterministic

144 Gumption the Chiller (level 5, -3/35 HPs)
             Began as a Merfolk Ice Elementalist on Nov 27, 2019.
             Was a Follower of Dithmenos.
             Slain by a killer bee zombie (5 damage)
             ... on level 3 of the Dungeon.
             The game lasted 00:25:31 (3026 turns).

Gumption the Chiller (Merfolk Ice Elementalist)     Turns: 3026, Time: 00:25:32

Health: -3/35      AC:  5    Str:  8    XL:     5   Next: 26%
Magic:  2/8        EV: 13    Int: 16    God:    Dithmenos [*.....]
Gold:   96         SH:  4    Dex: 14    Spells: 1/8 levels left

rFire    + . .     SeeInvis .   a - +0 dagger
rCold    + . .     Gourm    .   n - +0 buckler
rNeg     . . .     Faith    .   q - +1 robe {rC+ rF+}
rPois    .         Spirit   .   i - +0 helmet
rElec    .         Reflect  .   (no cloak)
rCorr    .         Harm     .   y - +0 pair of gloves
MR       .....                  (no boots)
Stlth    +++.......             (no amulet)
HPRegen  0.11/turn              (no ring)
MPRegen  0.11/turn              (no ring)

@: wreathed by umbra
A: change form in water, swift swim, stealthy swim
a: Renounce Religion


You were on level 3 of the Dungeon.
You worshipped Dithmenos.
Dithmenos was aware of your devotion.
You were not hungry.

You visited 1 branch of the dungeon, and saw 3 of its levels.

You collected 96 gold pieces.

Inventory:

Hand Weapons
 a - a +0 dagger (weapon)
 b - a +0 hunting sling
 r - a +0 hunting sling
Missiles
 f - 96 stones (quivered)
 v - 16 sling bullets
Armour
 c - a +0 robe
 i - a +0 helmet (worn)
 l - a +0 shield
 m - a +0 chain mail of fire resistance
 n - a +0 buckler (worn)
 q - a +1 robe of resistance (worn)
 y - a +0 pair of gloves (worn)
Scrolls
 d - 2 scrolls of teleportation {unknown}
 h - a scroll of identify {unknown}
 o - 2 scrolls of immolation {unknown}
 p - 2 scrolls of remove curse {unknown}
 t - a scroll of magic mapping {unknown}
 u - 2 scrolls of fear {unknown}
 A - a scroll of enchant weapon {unknown}
Potions
 g - 3 potions of curing {unknown}
 j - 2 potions of agility {unknown}
 k - a potion of lignification {unknown}
 s - a potion of cancellation {unknown}
 w - a potion of haste {unknown}
 x - a potion of brilliance {unknown}
Comestibles
 e - 5 rations
 z - a chunk of flesh


   Skills:
 + Level 3.6 Dodging
 * Level 2.8 Stealth
 * Level 1.4 Shields
 + Level 2.4 Spellcasting
 * Level 1.9 Conjurations
 * Level 4.3 Ice Magic


You had one spell level left.
You knew the following spells:

 Your Spells              Type           Power        Failure   Level  Hunger
a - Freeze                Ice            ###.         4%          1    #......
b - Throw Frost           Conj/Ice       ##....       11%         2    ###....
c - Throw Icicle          Conj/Ice       ##......     58%         4    #####..

Your spell library contained the following spells:

 Spells                   Type           Power        Failure   Level  Hunger
 Ozocubu's Armour         Chrm/Ice       #.......     32%         3    ###....
 Summon Ice Beast         Ice/Summ       #.......     73%         4    #####..


Dungeon Overview and Level Annotations

Branches:
Dungeon (3/15)

Altars:
Dithmenos


Message History

You hit the killer bee zombie.
The killer bee zombie is heavily damaged.
The killer bee zombie hits you.
* * * LOW HITPOINT WARNING * * *
You closely miss the killer bee zombie.
The killer bee zombie is heavily damaged.
The killer bee zombie hits you.
* * * LOW HITPOINT WARNING * * *
The killer bee zombie closely misses you.
Your magical contamination has completely faded away.
You hit the killer bee zombie.
The killer bee zombie is severely damaged.
The killer bee zombie closely misses you.
The killer bee zombie barely misses you.
You hit the killer bee zombie.
The killer bee zombie is severely damaged.
The killer bee zombie hits you!
* * * LOW HITPOINT WARNING * * *
The killer bee zombie hits you.
You die...

.......(....
.......(...# !..........
..........# ..........#
..........# .(..((....#
.......Z..##############
.####..@(...............
#...................
#...................
#....†.........#####
#..............#
#..............#
#..............#
#............[.#
################


You could see a killer bee zombie.

Vanquished Creatures
  A crimson imp (D:2)
  3 adders (D:2)
  4 worms
  A dart slug (D:2)
  3 leopard geckos
  An orc (D:3)
  5 giant cockroaches
  7 goblins
  7 hobgoblins
  9 kobolds
  3 quokkas
  2 ball pythons
  5 bats
  3 frilled lizards
  8 rats
62 creatures vanquished.

Notes
Turn   | Place    | Note
-------+----------+-------------------------------------------
     0 | D:1      | Gumption the Merfolk Ice Elementalist began the quest for
                  | the Orb.
     0 | D:1      | Reached XP level 1. HP: 13/13 MP: 3/3
   365 | D:1      | Reached XP level 2. HP: 18/19 MP: 3/5
   369 | D:1      | Learned a level 2 spell: Throw Frost
   735 | D:1      | Reached skill level 1 in Conjurations
   979 | D:1      | Reached XP level 3. HP: 24/24 MP: 6/6
  1776 | D:2      | Reached skill level 4 in Ice Magic
  1937 | D:2      | Found a faded altar of an unknown god.
  1998 | D:2      | Became a worshipper of Dithmenos the Shadowed
  1998 | D:2      | Reached * piety under Dithmenos
  2214 | D:2      | Reached skill level 1 in Shields
  2214 | D:2      | Reached XP level 4. HP: 30/30 MP: 4/7
  2220 | D:2      | Learned a level 4 spell: Throw Icicle
  2622 | D:2      | Reached XP level 5. HP: 34/35 MP: 4/8
  3026 | D:3      | Slain by a killer bee zombie

Levels and vault maps discovered:
D:1:      dpeg_arrival_orchard, layout_loops_ring
D:2:      layout_basic, chequers_ecumenical_altar_simple, chequers_big_river,
          minmay_statues_item
D:3:      layout_basic, led_sif_pool, uniq_grinder

Skill      XL: |  1  2  3 |
---------------+----------+-----
Dodging        | 3 |  3.6
Conjurations   | 1 |  1.9
Ice Magic      | 4 |  4.3
Shields        | 1 |  1.4
Stealth        | |  2.8
Spellcasting   | |  2.4

Action                   |  1- 3 |  4- 6 || total
-------------------------+-------+-------++-------
Melee: Dagger            |    25 |    28 ||    53
 Fire: Hunting sling     |       |    40 ||    40
Throw: Stone             |     1 |       ||     1
 Cast: Freeze            |    68 |    33 ||   101
 Stab: Sleeping          |     6 |       ||     6
  Eat: Chunk             |     4 |     4 ||     8
Armor: Robe              |    16 |     6 ||    22
Dodge: Dodged            |    40 |    42 ||    82
Block: Buckler           |     4 |    14 ||    18
